 Dungeon Crawl Stone Soup version 0.29.1-12-g30fa7ad0bf (webtiles) character file.

Game seed: 157809217822534156

128 styxcanada the Covert (level 4, -3/23 HPs)
             Began as a Spriggan Brigand on Dec 28, 2022.
             Killed by divine providence
             ... invoked by an orc priest
              (12 damage)
             ... on level 3 of the Dungeon.
             The game lasted 00:08:13 (2159 turns).

styxcanada the Covert (Spriggan Brigand)            Turns: 2159, Time: 00:08:13

Health: -3/23      AC:  3    Str:  7    XL:     4   Next: 87%
Magic:  13/14      EV: 17    Int: 12    God:
Gold:   121        SH:  0    Dex: 18    Spells: 3/4 levels left

rFire   + . .      SeeInvis +   a - +2 dagger
rCold   . . .      Faith    .   (no shield)
rNeg    . . .      Spirit   .   b - +0 robe
rPois   .          Reflect  .   (helmet restricted)
rElec   .          Harm     .   c - +0 cloak
rCorr   .          Rampage  .   (gloves unavailable)
Will    .....                   (boots unavailable)
Stlth   ++++......              (no amulet)
HPRegen 0.07/turn               i - ring of magical power
MPRegen 0.14/turn               m - ring of protection from fire

@: very quick
A: very small, no large weapons, unfitting armour, see invisible, speed 3
a: no special abilities


You were on level 3 of the Dungeon.
You visited 1 branch of the dungeon, and saw 3 of its levels.

You collected 121 gold pieces.

Inventory:

Hand Weapons
 a - a +2 dagger (weapon)
 l - a +0 sling
 s - a +4 quarterstaff of chaos
 t - a +2 hammer of protection
Missiles
 d - 6 poisoned darts (quivered)
 e - 3 curare-tipped darts
 g - 7 stones
Armour
 b - a +0 robe (worn)
 c - a +0 cloak (worn)
Jewellery
 i - a ring of magical power (left hand)
 m - a ring of protection from fire (right hand)
Scrolls
 f - a scroll of amnesia {unknown}
 h - a scroll of blinking {unknown}
 j - a scroll of identify {unknown}
 o - a scroll of fog {unknown}
 p - a scroll of acquirement {unknown}
 q - a scroll of brand weapon {unknown}
 r - a scroll of noise {unknown}
Potions
 k - a potion of curing {unknown}
 n - a potion of cancellation {unknown}


   Skills:
 * Level 2.0 Fighting
 + Level 2.4 Short Blades
 + Level 2.2 Throwing
 * Level 2.3 Dodging
 * Level 8.2 Stealth
 * Level 0.5 Spellcasting
 * Level 0.2 Conjurations
 * Level 0.3 Fire Magic


You had 3 spell levels left.
You knew the following spells:

 Your Spells              Type           Power      Damage    Failure   Level
a - Foxfire               Conj/Fire      4%         2x1d4     28%         1

Your spell library contained the following spells:

 Spells                   Type           Power      Damage    Failure   Level


Dungeon Overview and Level Annotations

Branches:
Dungeon (3/15)

Altars:


Innate Abilities, Weirdness & Mutations

You are very small and have problems with some larger weapons.
You are too small for most types of armour.
You have supernaturally acute eyesight. (SInv)
You cover ground extremely quickly. (Speed+++)


Message History

The orc barely misses you.
The orc priest calls upon Beogh to heal the orc.
The orc is healed somewhat.
You hit the orc.
The orc is heavily wounded.
The orc completely misses you. The orc hits you but does no damage.
You hit the orc.
You kill the orc!
The orc priest begins to cast a cantrip, but forgets the words!
The orc hits you but does no damage.
You hit the orc.
The orc is heavily wounded.
The orc hits you but does no damage.
The orc priest calls upon Beogh to heal the orc.
The orc's wounds heal themselves!
You hit the orc.
The orc is moderately wounded.
The orc priest invokes the aid of Beogh against you.
Beogh smites you! The orc hits you with a +0 dagger.
You completely miss the orc.
The orc is moderately wounded.
You hit the orc.
You kill the orc!
Casting: Foxfire (safe; 28% risk of failure)
Confirm with . or Enter, or press ? or * to list all spells.
You conjure some foxfire!
The foxfire hits the orc.
The orc is lightly wounded.
The foxfire hits the orc.
The orc is moderately wounded.
The orc priest looks encouraged for a moment.
Throw: 7 darts (poison)
Press: ? - help, Q - select action, (/) - cycle Shift-Dir - straight line, f - orc
Aim: an orc, wielding a +0 club and wearing a +0 ring mail (moderately wounded, 66% to hit)
You throw a poisoned dart.
The poisoned dart barely misses the orc.
The orc priest calls down the wrath of Beogh upon you.
Beogh smites you!
Ouch! That really hurt!
You die...

#.[........#
#..........#
#..........#
#..>..†....# ####
#...<..>...####...
##.......(........
##.)......#.......
#.........>####...
#@............#...
#........(....#...
#.o..o.(....(....#
#...).)........#.#
##...$)...(...?..#
##......#...#.>##
########.#...##
#.#...# #.$..##


You could see an orc priest and an orc.

Vanquished Creatures
  Crazy Yiuf (D:3)
  Terence (D:3)
  3 adders
  3 orcs (D:3)
  4 ball pythons
  4 bats
  3 endoplasms (D:2)
  A giant cockroach (D:1)
  5 goblins
  A hobgoblin (D:2)
  4 jackals (D:1)
  4 kobolds
  2 quokkas
  4 frilled lizards
  6 rats
46 creatures vanquished.

Vanquished Creatures (others)
  12 foxfires (D:3)
12 creatures vanquished.

Grand Total: 58 creatures vanquished

Notes
Turn   | Place    | Note
-------+----------+-------------------------------------------
     0 | D:1      | styxcanada the Spriggan Brigand began the quest for the
                  | Orb.
     0 | D:1      | Reached XP level 1. HP: 10/10 MP: 2/2
    32 | D:1      | Reached skill level 6 in Stealth
   134 | D:1      | You fall into a shaft and drop 1 floor!
   238 | D:1      | Reached XP level 2. HP: 12/15 MP: 3/3
  1048 | D:2      | Reached skill level 7 in Stealth
  1225 | D:2      | Reached XP level 3. HP: 18/18 MP: 4/4
  1666 | D:2      | Found a faded altar of an unknown god.
  1679 | D:2      | Got Plato's Spellbook of Fire
  1682 | D:2      | Learned a level 1 spell: Foxfire
  1982 | D:3      | Reached XP level 4. HP: 23/23 MP: 5/5
  2005 | D:3      | Found a runed translucent door.
  2006 | D:3      | Noticed Crazy Yiuf
  2035 | D:3      | Killed Crazy Yiuf
  2036 | D:3      | Reached skill level 8 in Stealth
  2091 | D:3      | Noticed Terence
  2140 | D:3      | Killed Terence
  2159 | D:3      | Killed from afar by an orc priest

Illustrated notes

Levels and vault maps discovered:
D:1:      shiori_shiawase, layout_rooms, corexii_corridor_pit, st_stairs_12,
          minmay_tromino_v4_c
D:2:      layout_loops_ring, shapermc_ecumenical_altar_rom_forum, minmay_cut_off
D:3:      layout_rooms, saegor_snake_ambush, uniq_terence,
          uniq_crazy_yiuf_cottage

Skill      XL: |  1  2  3  4 |
---------------+-------------+-----
Stealth        | 6 7 8 |  8.2
Dodging        | 2 |  2.3
Fighting       | 2 |  2.0
Short Blades   | |  2.4
Throwing       | |  2.2
Spellcasting   | |  0.5
Conjurations   | |  0.2
Fire Magic     | |  0.3

Action                   |  1- 3 |  4- 6 || total
-------------------------+-------+-------++-------
Melee: Dagger            |    97 |     9 ||   106
Throw: Dart              |     4 |    10 ||    14
 Cast: Foxfire           |       |     7 ||     7
 Stab: Sleeping          |    19 |     1 ||    20
Armor: Robe              |    13 |     3 ||    16
Dodge: Dodged            |    47 |     3 ||    50
